 Dungeon Crawl Stone Soup version 0.26-a0-852-g6321bf7485 (webtiles) character file.

Game seed: 3983469261777082991

135 gishou the Sneak (level 5, 0/33 HPs)
             Began as a Kobold Delver on Nov 21, 2020.
             Slain by Grinder (9 damage)
             ... while paralysed by Grinder
             ... on level 5 of the Dungeon.
             The game lasted 00:01:46 (890 turns).

gishou the Sneak (Kobold Delver)                     Turns: 890, Time: 00:01:47

Health: 0/33       AC:  3    Str: 10    XL:     5   Next: 41%
Magic:  5/5        EV:  3    Int: 12    God:
Gold:   18         SH:  0    Dex: 16    Spells: 4/4 levels left

rFire    . . .     SeeInvis .   a - +0 short sword
rCold    + . .     Faith    .   (shield restricted)
rNeg     . . .     Spirit   .   b - +0 leather armour
rPois    .         Reflect  .   (no helmet)
rElec    .         Harm     .   (no cloak)
rCorr    .         Rampage  .   (no gloves)
MR       .....                  (no boots)
Stlth    ++++......             (no amulet)
HPRegen  0.11/turn              k - ring of protection from cold
MPRegen  0.09/turn              (no ring)

@: paralysed
A: small, nightstalker 3
a: no special abilities


You were on level 5 of the Dungeon.
You visited 1 branch of the dungeon, and saw 1 of its levels.

You collected 18 gold pieces.

Inventory:

Hand Weapons
 a - a +0 short sword (weapon)
Armour
 b - a +0 leather armour (worn)
Jewellery
 k - a ring of protection from cold (left hand)
Wands
 g - a wand of digging (3)
 j - a wand of flame (23)
Scrolls
 c - a scroll of fog
 d - a scroll of magic mapping
 e - a scroll of fear
 i - 2 scrolls of remove curse {unknown}
 l - a scroll of identify {unknown}
Potions
 f - a potion of haste
 h - a potion of curing {unknown}


   Skills:
 + Level 4.1 Fighting
 * Level 5.1 Short Blades
 + Level 3.5 Dodging
 - Level 7.0 Stealth


You had 4 spell levels left.
You didn't know any spells.
Your spell library was empty.

Dungeon Overview and Level Annotations

Branches:
Dungeon (5/15)
 Temple: D:4-7

Altars:
Elyvilon
Wu Jian

Annotations:
D:5 Grinder


Innate Abilities, Weirdness & Mutations

You are small and have problems with some larger weapons.
You are completely attuned to the shadows.


Message History

l - a scroll labelled XUKOTO GUASCHO You open the door.
Grinder comes into view.
There is an open door here.
The helpless Grinder fails to defend herself.
You impale Grinder!!
Grinder is almost dead.
Grinder gestures at you.
You suddenly lose the ability to move!
Grinder hits you.
You writhe in agony.
Grinder barely misses you. Grinder barely misses you. Grinder hits you.
You writhe in agony.
Grinder gestures at you. Pain shoots through your body!
* * * LOW HITPOINT WARNING * * *
Grinder gestures at you. You resist with significant effort. Grinder hits you!
You die...

#.##.# #.##.#.. #.##.#.#
#.##.#.# #.##.#.#
##'##.#'###### #
#............#
#.###............#
#.5@'............#
######............#
#....#............#
#....#............###
#....#...............
#....#...............
#....#....)..........
#####....#...............
#..................(.....


You could see Grinder.

Vanquished Creatures
  A centaur (D:5)
  A hound zombie (D:5)
  A worker ant zombie (D:5)
  An adder (D:5)
  2 white imps (D:5)
  A leopard gecko (D:5)
  An orc (D:5)
8 creatures vanquished.

Notes
Turn   | Place    | Note
-------+----------+-------------------------------------------
     0 | D:5      | gishou the Kobold Delver began the quest for the Orb.
     0 | D:5      | Reached XP level 1. HP: 14/14 MP: 1/1
    14 | D:5      | Found a white marble altar of Elyvilon.
    37 | D:5      | Reached XP level 2. HP: 4/19 MP: 2/2
   287 | D:5      | Found an ornate altar of the Wu Jian Council.
   396 | D:5      | Reached XP level 3. HP: 23/23 MP: 3/3
   535 | D:5      | Noticed a centaur
   540 | D:5      | Killed a centaur
   541 | D:5      | Reached skill level 7 in Stealth
   541 | D:5      | Reached XP level 4. HP: 29/29 MP: 4/4
   541 | D:5      | Reached XP level 5. HP: 33/33 MP: 5/5
   752 | D:5      | Reached skill level 5 in Short Blades
   880 | D:5      | Noticed Grinder
   883 | D:5      | Paralysed by Grinder for 7 turns
   890 | D:5      | Slain by Grinder

Illustrated notes

Levels and vault maps discovered:
D:5:      layout_basic, kennysheep_mini, elyvilon_altar_1, basic_altar,
          uniq_grinder

Skill      XL: |  1  2  3  4  5 |
---------------+----------------+-----
Short Blades   | 3 4 5 |  5.1
Dodging        | 3 |  3.5
Stealth        | 7 |  7.0
Fighting       | 4 |  4.1

Action                   |  1- 3 |  4- 6 || total
-------------------------+-------+-------++-------
Melee: Short sword       |     9 |    15 ||    24
Evoke: Wand              |     4 |     3 ||     7
 Stab: Sleeping          |     2 |     2 ||     4
Armor: Leather armour    |     1 |     1 ||     2
Dodge: Dodged            |     3 |    10 ||    13

Table legend: (Time is in decaauts)
 A = Elapsed time spent in this place.
 B = Non-inter-level travel time spent in this place.
 C = Inter-level travel time spent in this place.
 D = Time resting spent in this place.
 E = Time spent auto-exploring this place.
 F = Levels seen in this place.
 G = Mean time per level.
                   A        B        C        D        E       F      G
               +--------+--------+--------+--------+--------+-----+--------+
         Total |    887 |    887 |      0 |    523 |    259 |   1 |  887.0 |
       Dungeon |    887 |    887 |      0 |    523 |    259 |   1 |  887.0 |
               +--------+--------+--------+--------+--------+-----+--------+

Top non-repeatable levels by time:
     D:5: 887 daAuts
